Workbook

Sheet Calculator
A3: Total Mortgage | B3: Monthly payment | C3: Extra Payment | D3: Interest Rate | E3: Escrow | F3: Loan Term | G3: Total interest paid
A4: 126000 | B4: =((((1+(D4/12))^(F4*12))*(D4/12))/(((1+(D4/12))^(F4*12))-1))*A4 -> 1173.5309 | C4: 500 | D4: 0.0225 | E4: 0 | F4: 10 | G4: ='Monthly Chart'!E374 -> 9958.1755
A10: Fill in the green squares above with the corresponding information.
A11: Put your interest rate as a decimal. Example: if your interest rate is 3.5%, then type .035 in the interest rate box.
A12: Play around with the interest rate or extra payments to see how much total interest you will pay.
A13: If you insert extra payments towards your principal, you can look at the Monthly Chart sheet to see how long it will take you to pay off your loan in months.
A14: You can divide the months by 12, to figure out how long in years it will take. Example: 130/12=10.83, or 10 years and 10 months.

Sheet Monthly Chart
A3: Loan Amount | B3: Interest Rate | C3: Term in Years | D3: Monthly Payment | E3: Extra Monthly
A4: =Calculator!A4 -> 126000 | B4: =Calculator!D4 -> 0.0225 | C4: =Calculator!F4 -> 10 | D4: =Calculator!B4 -> 1173.5309 | E4: =Calculator!C4 -> 500
A6: Month | B6: Balance | C6: =D4+E4 -> 1673.5309 | D6: Principal | E6: Interest | F6: Escrow | G6: End | H6: Total Interest Paid
A7: 1 | B7: =A4 -> 126000 | C7: =D4+E4 -> 1673.5309 | D7: =C7-E7 -> 1437.2809 | E7: =(B7*B4)/12 -> 236.25 | F7: =Calculator!E4 -> 0 | G7: =B7-D7+F7 -> 124562.72 | H7: =E7 -> 236.25
A8: 2 | B8: =IF(G7>0, G7, 0) -> 124562.72 | C8: =D4+E4 -> 1673.5309 | D8: =C8-E8 -> 1439.9758 | E8: =IF(E7>0,(B8*B4)/12,0) -> 233.5551 | F8: =Calculator!E4 -> 0 | G8: =B8-D8+F8 -> 123122.74 | H8: =H7+E8 -> 469.8051
A9: 3 | B9: =IF(G8>0, G8, 0) -> 123122.74 | C9: =D4+E4 -> 1673.5309 | D9: =C9-E9 -> 1442.6757 | E9: =IF(E8>0,(B9*B4)/12,0) -> 230.85514 | F9: =Calculator!E4 -> 0 | G9: =B9-D9+F9 -> 121680.07 | H9: =H8+E9 -> 700.66024
A10: 4 | B10: =IF(G9>0, G9, 0) -> 121680.07 | C10: =D4+E4 -> 1673.5309 | D10: =C10-E10 -> 1445.3808 | E10: =(B10*B4)/12 -> 228.15013 | F10: =Calculator!E4 -> 0 | G10: =B10-D10+F10 -> 120234.69 | H10: =H9+E10 -> 928.81037
A11: 5 | B11: =IF(G10>0, G10, 0) -> 120234.69 | C11: =D4+E4 -> 1673.5309 | D11: =C11-E11 -> 1448.0908 | E11: =IF(E10>0,(B11*B4)/12,0) -> 225.44004 | F11: =Calculator!E4 -> 0 | G11: =B11-D11+F11 -> 118786.6 | H11: =H10+E11 -> 1154.2504
A12: 6 | B12: =IF(G11>0, G11, 0) -> 118786.6 | C12: =D4+E4 -> 1673.5309 | D12: =C12-E12 -> 1450.806 | E12: =IF(E11>0,(B12*B4)/12,0) -> 222.72487 | F12: =Calculator!E4 -> 0 | G12: =B12-D12+F12 -> 117335.79 | H12: =H11+E12 -> 1376.9753
A13: 7 | B13: =IF(G12>0, G12, 0) -> 117335.79 | C13: =D4+E4 -> 1673.5309 | D13: =C13-E13 -> 1453.5263 | E13: =IF(E12>0,(B13*B4)/12,0) -> 220.00461 | F13: =Calculator!E4 -> 0 | G13: =B13-D13+F13 -> 115882.26 | H13: =H12+E13 -> 1596.9799
A14: 8 | B14: =IF(G13>0, G13, 0) -> 115882.26 | C14: =D4+E4 -> 1673.5309 | D14: =C14-E14 -> 1456.2516 | E14: =IF(E13>0,(B14*B4)/12,0) -> 217.27924 | F14: =Calculator!E4 -> 0 | G14: =B14-D14+F14 -> 114426.01 | H14: =H13+E14 -> 1814.2591
A15: 9 | B15: =IF(G14>0, G14, 0) -> 114426.01 | C15: =D4+E4 -> 1673.5309 | D15: =C15-E15 -> 1458.9821 | E15: =IF(E14>0,(B15*B4)/12,0) -> 214.54877 | F15: =Calculator!E4 -> 0 | G15: =B15-D15+F15 -> 112967.03 | H15: =H14+E15 -> 2028.8079
A16: 10 | B16: =IF(G15>0, G15, 0) -> 112967.03 | C16: =D4+E4 -> 1673.5309 | D16: =C16-E16 -> 1461.7177 | E16: =IF(E15>0,(B16*B4)/12,0) -> 211.81318 | F16: =Calculator!E4 -> 0 | G16: =B16-D16+F16 -> 111505.31 | H16: =H15+E16 -> 2240.6211
A17: 11 | B17: =IF(G16>0, G16, 0) -> 111505.31 | C17: =D4+E4 -> 1673.5309 | D17: =C17-E17 -> 1464.4584 | E17: =IF(E16>0,(B17*B4)/12,0) -> 209.07246 | F17: =Calculator!E4 -> 0 | G17: =B17-D17+F17 -> 110040.85 | H17: =H16+E17 -> 2449.6935
A18: 12 | B18: =IF(G17>0, G17, 0) -> 110040.85 | C18: =D4+E4 -> 1673.5309 | D18: =C18-E18 -> 1467.2043 | E18: =(B18*B4)/12 -> 206.3266 | F18: =Calculator!E4 -> 0 | G18: =B18-D18+F18 -> 108573.65 | H18: =H17+E18 -> 2656.0201
A19: 13 | B19: =IF(G18>0, G18, 0) -> 108573.65 | C19: =D4+E4 -> 1673.5309 | D19: =C19-E19 -> 1469.9553 | E19: =IF(E18>0,(B19*B4)/12,0) -> 203.57559 | F19: =Calculator!E4 -> 0 | G19: =B19-D19+F19 -> 107103.69 | H19: =H18+E19 -> 2859.5957
A20: 14 | B20: =IF(G19>0, G19, 0) -> 107103.69 | C20: =D4+E4 -> 1673.5309 | D20: =C20-E20 -> 1472.7115 | E20: =IF(E19>0,(B20*B4)/12,0) -> 200.81943 | F20: =Calculator!E4 -> 0 | G20: =B20-D20+F20 -> 105630.98 | H20: =H19+E20 -> 3060.4152
A21: 15 | B21: =IF(G20>0, G20, 0) -> 105630.98 | C21: =D4+E4 -> 1673.5309 | D21: =C21-E21 -> 1475.4728 | E21: =IF(E20>0,(B21*B4)/12,0) -> 198.05809 | F21: =Calculator!E4 -> 0 | G21: =B21-D21+F21 -> 104155.51 | H21: =H20+E21 -> 3258.4733
A22: 16 | B22: =IF(G21>0, G21, 0) -> 104155.51 | C22: =D4+E4 -> 1673.5309 | D22: =C22-E22 -> 1478.2393 | E22: =(B22*B4)/12 -> 195.29158 | F22: =Calculator!E4 -> 0 | G22: =B22-D22+F22 -> 102677.27 | H22: =H21+E22 -> 3453.7648
A23: 17 | B23: =IF(G22>0, G22, 0) -> 102677.27 | C23: =D4+E4 -> 1673.5309 | D23: =C23-E23 -> 1481.011 | E23: =IF(E22>0,(B23*B4)/12,0) -> 192.51988 | F23: =Calculator!E4 -> 0 | G23: =B23-D23+F23 -> 101196.26 | H23: =H22+E23 -> 3646.2847
A24: 18 | B24: =IF(G23>0, G23, 0) -> 101196.26 | C24: =D4+E4 -> 1673.5309 | D24: =C24-E24 -> 1483.7879 | E24: =IF(E23>0,(B24*B4)/12,0) -> 189.74299 | F24: =Calculator!E4 -> 0 | G24: =B24-D24+F24 -> 99712.472 | H24: =H23+E24 -> 3836.0277
A25: 19 | B25: =IF(G24>0, G24, 0) -> 99712.472 | C25: =D4+E4 -> 1673.5309 | D25: =C25-E25 -> 1486.57 | E25: =IF(E24>0,(B25*B4)/12,0) -> 186.96088 | F25: =Calculator!E4 -> 0 | G25: =B25-D25+F25 -> 98225.902 | H25: =H24+E25 -> 4022.9886
A26: 20 | B26: =IF(G25>0, G25, 0) -> 98225.902 | C26: =D4+E4 -> 1673.5309 | D26: =C26-E26 -> 1489.3573 | E26: =IF(E25>0,(B26*B4)/12,0) -> 184.17357 | F26: =Calculator!E4 -> 0 | G26: =B26-D26+F26 -> 96736.544 | H26: =H25+E26 -> 4207.1622
A27: 21 | B27: =IF(G26>0, G26, 0) -> 96736.544 | C27: =D4+E4 -> 1673.5309 | D27: =C27-E27 -> 1492.1499 | E27: =IF(E26>0,(B27*B4)/12,0) -> 181.38102 | F27: =Calculator!E4 -> 0 | G27: =B27-D27+F27 -> 95244.395 | H27: =H26+E27 -> 4388.5432
A28: 22 | B28: =IF(G27>0, G27, 0) -> 95244.395 | C28: =D4+E4 -> 1673.5309 | D28: =C28-E28 -> 1494.9476 | E28: =(B28*B4)/12 -> 178.58324 | F28: =Calculator!E4 -> 0 | G28: =B28-D28+F28 -> 93749.447 | H28: =H27+E28 -> 4567.1264
A29: 23 | B29: =IF(G28>0, G28, 0) -> 93749.447 | C29: =D4+E4 -> 1673.5309 | D29: =C29-E29 -> 1497.7507 | E29: =IF(E28>0,(B29*B4)/12,0) -> 175.78021 | F29: =Calculator!E4 -> 0 | G29: =B29-D29+F29 -> 92251.696 | H29: =H28+E29 -> 4742.9066
A30: 24 | B30: =IF(G29>0, G29, 0) -> 92251.696 | C30: =D4+E4 -> 1673.5309 | D30: =C30-E30 -> 1500.559 | E30: =IF(E29>0,(B30*B4)/12,0) -> 172.97193 | F30: =Calculator!E4 -> 0 | G30: =B30-D30+F30 -> 90751.137 | H30: =H29+E30 -> 4915.8786
A31: 25 | B31: =IF(G30>0, G30, 0) -> 90751.137 | C31: =D4+E4 -> 1673.5309 | D31: =C31-E31 -> 1503.3725 | E31: =(B31*B4)/12 -> 170.15838 | F31: =Calculator!E4 -> 0 | G31: =B31-D31+F31 -> 89247.765 | H31: =H30+E31 -> 5086.0369
A32: 26 | B32: =IF(G31>0, G31, 0) -> 89247.765 | C32: =D4+E4 -> 1673.5309 | D32: =C32-E32 -> 1506.1913 | E32: =IF(E31>0,(B32*B4)/12,0) -> 167.33956 | F32: =Calculator!E4 -> 0 | G32: =B32-D32+F32 -> 87741.573 | H32: =H31+E32 -> 5253.3765
A33: 27 | B33: =IF(G32>0, G32, 0) -> 87741.573 | C33: =D4+E4 -> 1673.5309 | D33: =C33-E33 -> 1509.0154 | E33: =IF(E32>0,(B33*B4)/12,0) -> 164.51545 | F33: =Calculator!E4 -> 0 | G33: =B33-D33+F33 -> 86232.558 | H33: =H32+E33 -> 5417.8919
A34: 28 | B34: =IF(G33>0, G33, 0) -> 86232.558 | C34: =D4+E4 -> 1673.5309 | D34: =C34-E34 -> 1511.8448 | E34: =(B34*B4)/12 -> 161.68605 | F34: =Calculator!E4 -> 0 | G34: =B34-D34+F34 -> 84720.713 | H34: =H33+E34 -> 5579.578
A35: 29 | B35: =IF(G34>0, G34, 0) -> 84720.713 | C35: =D4+E4 -> 1673.5309 | D35: =C35-E35 -> 1514.6795 | E35: =IF(E34>0,(B35*B4)/12,0) -> 158.85134 | F35: =Calculator!E4 -> 0 | G35: =B35-D35+F35 -> 83206.034 | H35: =H34+E35 -> 5738.4293
A36: 30 | B36: =IF(G35>0, G35, 0) -> 83206.034 | C36: =D4+E4 -> 1673.5309 | D36: =C36-E36 -> 1517.5196 | E36: =IF(E35>0,(B36*B4)/12,0) -> 156.01131 | F36: =Calculator!E4 -> 0 | G36: =B36-D36+F36 -> 81688.514 | H36: =H35+E36 -> 5894.4406
A37: 31 | B37: =IF(G36>0, G36, 0) -> 81688.514 | C37: =D4+E4 -> 1673.5309 | D37: =C37-E37 -> 1520.3649 | E37: =(B37*B4)/12 -> 153.16596 | F37: =Calculator!E4 -> 0 | G37: =B37-D37+F37 -> 80168.149 | H37: =H36+E37 -> 6047.6066
A38: 32 | B38: =IF(G37>0, G37, 0) -> 80168.149 | C38: =D4+E4 -> 1673.5309 | D38: =C38-E38 -> 1523.2156 | E38: =IF(E37>0,(B38*B4)/12,0) -> 150.31528 | F38: =Calculator!E4 -> 0 | G38: =B38-D38+F38 -> 78644.934 | H38: =H37+E38 -> 6197.9219
A39: 33 | B39: =IF(G38>0, G38, 0) -> 78644.934 | C39: =D4+E4 -> 1673.5309 | D39: =C39-E39 -> 1526.0716 | E39: =IF(E38>0,(B39*B4)/12,0) -> 147.45925 | F39: =Calculator!E4 -> 0 | G39: =B39-D39+F39 -> 77118.862 | H39: =H38+E39 -> 6345.3811
A40: 34 | B40: =IF(G39>0, G39, 0) -> 77118.862 | C40: =D4+E4 -> 1673.5309 | D40: =C40-E40 -> 1528.933 | E40: =(B40*B4)/12 -> 144.59787 | F40: =Calculator!E4 -> 0 | G40: =B40-D40+F40 -> 75589.929 | H40: =H39+E40 -> 6489.979
A41: 35 | B41: =IF(G40>0, G40, 0) -> 75589.929 | C41: =D4+E4 -> 1673.5309 | D41: =C41-E41 -> 1531.7998 | E41: =IF(E40>0,(B41*B4)/12,0) -> 141.73112 | F41: =Calculator!E4 -> 0 | G41: =B41-D41+F41 -> 74058.129 | H41: =H40+E41 -> 6631.7101
A42: 36 | B42: =IF(G41>0, G41, 0) -> 74058.129 | C42: =D4+E4 -> 1673.5309 | D42: =C42-E42 -> 1534.6719 | E42: =IF(E41>0,(B42*B4)/12,0) -> 138.85899 | F42: =Calculator!E4 -> 0 | G42: =B42-D42+F42 -> 72523.457 | H42: =H41+E42 -> 6770.5691
A43: 37 | B43: =IF(G42>0, G42, 0) -> 72523.457 | C43: =D4+E4 -> 1673.5309 | D43: =C43-E43 -> 1537.5494 | E43: =(B43*B4)/12 -> 135.98148 | F43: =Calculator!E4 -> 0 | G43: =B43-D43+F43 -> 70985.908 | H43: =H42+E43 -> 6906.5506
A44: 38 | B44: =IF(G43>0, G43, 0) -> 70985.908 | C44: =D4+E4 -> 1673.5309 | D44: =C44-E44 -> 1540.4323 | E44: =IF(E43>0,(B44*B4)/12,0) -> 133.09858 | F44: =Calculator!E4 -> 0 | G44: =B44-D44+F44 -> 69445.476 | H44: =H43+E44 -> 7039.6492
A45: 39 | B45: =IF(G44>0, G44, 0) -> 69445.476 | C45: =D4+E4 -> 1673.5309 | D45: =C45-E45 -> 1543.3206 | E45: =IF(E44>0,(B45*B4)/12,0) -> 130.21027 | F45: =Calculator!E4 -> 0 | G45: =B45-D45+F45 -> 67902.155 | H45: =H44+E45 -> 7169.8594
A46: 40 | B46: =IF(G45>0, G45, 0) -> 67902.155 | C46: =D4+E4 -> 1673.5309 | D46: =C46-E46 -> 1546.2143 | E46: =(B46*B4)/12 -> 127.31654 | F46: =Calculator!E4 -> 0 | G46: =B46-D46+F46 -> 66355.941 | H46: =H45+E46 -> 7297.176
A47: 41 | B47: =IF(G46>0, G46, 0) -> 66355.941 | C47: =D4+E4 -> 1673.5309 | D47: =C47-E47 -> 1549.1135 | E47: =IF(E46>0,(B47*B4)/12,0) -> 124.41739 | F47: =Calculator!E4 -> 0 | G47: =B47-D47+F47 -> 64806.827 | H47: =H46+E47 -> 7421.5934
A48: 42 | B48: =IF(G47>0, G47, 0) -> 64806.827 | C48: =D4+E4 -> 1673.5309 | D48: =C48-E48 -> 1552.0181 | E48: =IF(E47>0,(B48*B4)/12,0) -> 121.5128 | F48: =Calculator!E4 -> 0 | G48: =B48-D48+F48 -> 63254.809 | H48: =H47+E48 -> 7543.1062
A49: 43 | B49: =IF(G48>0, G48, 0) -> 63254.809 | C49: =D4+E4 -> 1673.5309 | D49: =C49-E49 -> 1554.9281 | E49: =(B49*B4)/12 -> 118.60277 | F49: =Calculator!E4 -> 0 | G49: =B49-D49+F49 -> 61699.881 | H49: =H48+E49 -> 7661.7089
A50: 44 | B50: =IF(G49>0, G49, 0) -> 61699.881 | C50: =D4+E4 -> 1673.5309 | D50: =C50-E50 -> 1557.8436 | E50: =IF(E49>0,(B50*B4)/12,0) -> 115.68728 | F50: =Calculator!E4 -> 0 | G50: =B50-D50+F50 -> 60142.037 | H50: =H49+E50 -> 7777.3962
A51: 45 | B51: =IF(G50>0, G50, 0) -> 60142.037 | C51: =D4+E4 -> 1673.5309 | D51: =C51-E51 -> 1560.7646 | E51: =IF(E50>0,(B51*B4)/12,0) -> 112.76632 | F51: =Calculator!E4 -> 0 | G51: =B51-D51+F51 -> 58581.273 | H51: =H50+E51 -> 7890.1625
A52: 46 | B52: =IF(G51>0, G51, 0) -> 58581.273 | C52: =D4+E4 -> 1673.5309 | D52: =C52-E52 -> 1563.691 | E52: =(B52*B4)/12 -> 109.83989 | F52: =Calculator!E4 -> 0 | G52: =B52-D52+F52 -> 57017.582 | H52: =H51+E52 -> 8000.0024
A53: 47 | B53: =IF(G52>0, G52, 0) -> 57017.582 | C53: =D4+E4 -> 1673.5309 | D53: =C53-E53 -> 1566.6229 | E53: =IF(E52>0,(B53*B4)/12,0) -> 106.90797 | F53: =Calculator!E4 -> 0 | G53: =B53-D53+F53 -> 55450.959 | H53: =H52+E53 -> 8106.9104
A54: 48 | B54: =IF(G53>0, G53, 0) -> 55450.959 | C54: =D4+E4 -> 1673.5309 | D54: =C54-E54 -> 1569.5603 | E54: =IF(E53>0,(B54*B4)/12,0) -> 103.97055 | F54: =Calculator!E4 -> 0 | G54: =B54-D54+F54 -> 53881.398 | H54: =H53+E54 -> 8210.8809
A55: 49 | B55: =IF(G54>0, G54, 0) -> 53881.398 | C55: =D4+E4 -> 1673.5309 | D55: =C55-E55 -> 1572.5033 | E55: =(B55*B4)/12 -> 101.02762 | F55: =Calculator!E4 -> 0 | G55: =B55-D55+F55 -> 52308.895 | H55: =H54+E55 -> 8311.9086
A56: 50 | B56: =IF(G55>0, G55, 0) -> 52308.895 | C56: =D4+E4 -> 1673.5309 | D56: =C56-E56 -> 1575.4517 | E56: =IF(E55>0,(B56*B4)/12,0) -> 98.079178 | F56: =Calculator!E4 -> 0 | G56: =B56-D56+F56 -> 50733.443 | H56: =H55+E56 -> 8409.9877
A57: 51 | B57: =IF(G56>0, G56, 0) -> 50733.443 | C57: =D4+E4 -> 1673.5309 | D57: =C57-E57 -> 1578.4057 | E57: =IF(E56>0,(B57*B4)/12,0) -> 95.125207 | F57: =Calculator!E4 -> 0 | G57: =B57-D57+F57 -> 49155.038 | H57: =H56+E57 -> 8505.1129
A58: 52 | B58: =IF(G57>0, G57, 0) -> 49155.038 | C58: =D4+E4 -> 1673.5309 | D58: =C58-E58 -> 1581.3652 | E58: =(B58*B4)/12 -> 92.165696 | F58: =Calculator!E4 -> 0 | G58: =B58-D58+F58 -> 47573.673 | H58: =H57+E58 -> 8597.2786
A59: 53 | B59: =IF(G58>0, G58, 0) -> 47573.673 | C59: =D4+E4 -> 1673.5309 | D59: =C59-E59 -> 1584.3302 | E59: =IF(E58>0,(B59*B4)/12,0) -> 89.200636 | F59: =Calculator!E4 -> 0 | G59: =B59-D59+F59 -> 45989.342 | H59: =H58+E59 -> 8686.4793
A60: 54 | B60: =IF(G59>0, G59, 0) -> 45989.342 | C60: =D4+E4 -> 1673.5309 | D60: =C60-E60 -> 1587.3009 | E60: =IF(E59>0,(B60*B4)/12,0) -> 86.230017 | F60: =Calculator!E4 -> 0 | G60: =B60-D60+F60 -> 44402.042 | H60: =H59+E60 -> 8772.7093
A61: 55 | B61: =IF(G60>0, G60, 0) -> 44402.042 | C61: =D4+E4 -> 1673.5309 | D61: =C61-E61 -> 1590.2771 | E61: =(B61*B4)/12 -> 83.253828 | F61: =Calculator!E4 -> 0 | G61: =B61-D61+F61 -> 42811.764 | H61: =H60+E61 -> 8855.9631
A62: 56 | B62: =IF(G61>0, G61, 0) -> 42811.764 | C62: =D4+E4 -> 1673.5309 | D62: =C62-E62 -> 1593.2588 | E62: =IF(E61>0,(B62*B4)/12,0) -> 80.272058 | F62: =Calculator!E4 -> 0 | G62: =B62-D62+F62 -> 41218.506 | H62: =H61+E62 -> 8936.2352
A63: 57 | B63: =IF(G62>0, G62, 0) -> 41218.506 | C63: =D4+E4 -> 1673.5309 | D63: =C63-E63 -> 1596.2462 | E63: =IF(E62>0,(B63*B4)/12,0) -> 77.284698 | F63: =Calculator!E4 -> 0 | G63: =B63-D63+F63 -> 39622.259 | H63: =H62+E63 -> 9013.5199
A64: 58 | B64: =IF(G63>0, G63, 0) -> 39622.259 | C64: =D4+E4 -> 1673.5309 | D64: =C64-E64 -> 1599.2391 | E64: =(B64*B4)/12 -> 74.291736 | F64: =Calculator!E4 -> 0 | G64: =B64-D64+F64 -> 38023.02 | H64: =H63+E64 -> 9087.8116
A65: 59 | B65: =IF(G64>0, G64, 0) -> 38023.02 | C65: =D4+E4 -> 1673.5309 | D65: =C65-E65 -> 1602.2377 | E65: =IF(E64>0,(B65*B4)/12,0) -> 71.293163 | F65: =Calculator!E4 -> 0 | G65: =B65-D65+F65 -> 36420.783 | H65: =H64+E65 -> 9159.1048
A66: 60 | B66: =IF(G65>0, G65, 0) -> 36420.783 | C66: =D4+E4 -> 1673.5309 | D66: =C66-E66 -> 1605.2419 | E66: =IF(E65>0,(B66*B4)/12,0) -> 68.288967 | F66: =Calculator!E4 -> 0 | G66: =B66-D66+F66 -> 34815.541 | H66: =H65+E66 -> 9227.3937
A67: 61 | B67: =IF(G66>0, G66, 0) -> 34815.541 | C67: =D4+E4 -> 1673.5309 | D67: =C67-E67 -> 1608.2517 | E67: =(B67*B4)/12 -> 65.279139 | F67: =Calculator!E4 -> 0 | G67: =B67-D67+F67 -> 33207.289 | H67: =H66+E67 -> 9292.6729
A68: 62 | B68: =IF(G67>0, G67, 0) -> 33207.289 | C68: =D4+E4 -> 1673.5309 | D68: =C68-E68 -> 1611.2672 | E68: =IF(E67>0,(B68*B4)/12,0) -> 62.263667 | F68: =Calculator!E4 -> 0 | G68: =B68-D68+F68 -> 31596.022 | H68: =H67+E68 -> 9354.9365
A69: 63 | B69: =IF(G68>0, G68, 0) -> 31596.022 | C69: =D4+E4 -> 1673.5309 | D69: =C69-E69 -> 1614.2883 | E69: =IF(E68>0,(B69*B4)/12,0) -> 59.242541 | F69: =Calculator!E4 -> 0 | G69: =B69-D69+F69 -> 29981.733 | H69: =H68+E69 -> 9414.1791
A70: 64 | B70: =IF(G69>0, G69, 0) -> 29981.733 | C70: =D4+E4 -> 1673.5309 | D70: =C70-E70 -> 1617.3151 | E70: =(B70*B4)/12 -> 56.21575 | F70: =Calculator!E4 -> 0 | G70: =B70-D70+F70 -> 28364.418 | H70: =H69+E70 -> 9470.3948
A71: 65 | B71: =IF(G70>0, G70, 0) -> 28364.418 | C71: =D4+E4 -> 1673.5309 | D71: =C71-E71 -> 1620.3476 | E71: =IF(E70>0,(B71*B4)/12,0) -> 53.183284 | F71: =Calculator!E4 -> 0 | G71: =B71-D71+F71 -> 26744.071 | H71: =H70+E71 -> 9523.5781
A72: 66 | B72: =IF(G71>0, G71, 0) -> 26744.071 | C72: =D4+E4 -> 1673.5309 | D72: =C72-E72 -> 1623.3858 | E72: =IF(E71>0,(B72*B4)/12,0) -> 50.145132 | F72: =Calculator!E4 -> 0 | G72: =B72-D72+F72 -> 25120.685 | H72: =H71+E72 -> 9573.7233
A73: 67 | B73: =IF(G72>0, G72, 0) -> 25120.685 | C73: =D4+E4 -> 1673.5309 | D73: =C73-E73 -> 1626.4296 | E73: =(B73*B4)/12 -> 47.101284 | F73: =Calculator!E4 -> 0 | G73: =B73-D73+F73 -> 23494.255 | H73: =H72+E73 -> 9620.8245
A74: 68 | B74: =IF(G73>0, G73, 0) -> 23494.255 | C74: =D4+E4 -> 1673.5309 | D74: =C74-E74 -> 1629.4792 | E74: =IF(E73>0,(B74*B4)/12,0) -> 44.051729 | F74: =Calculator!E4 -> 0 | G74: =B74-D74+F74 -> 21864.776 | H74: =H73+E74 -> 9664.8763
A75: 69 | B75: =IF(G74>0, G74, 0) -> 21864.776 | C75: =D4+E4 -> 1673.5309 | D75: =C75-E75 -> 1632.5344 | E75: =IF(E74>0,(B75*B4)/12,0) -> 40.996455 | F75: =Calculator!E4 -> 0 | G75: =B75-D75+F75 -> 20232.242 | H75: =H74+E75 -> 9705.8727
A76: 70 | B76: =IF(G75>0, G75, 0) -> 20232.242 | C76: =D4+E4 -> 1673.5309 | D76: =C76-E76 -> 1635.5954 | E76: =(B76*B4)/12 -> 37.935453 | F76: =Calculator!E4 -> 0 | G76: =B76-D76+F76 -> 18596.646 | H76: =H75+E76 -> 9743.8082
A77: 71 | B77: =IF(G76>0, G76, 0) -> 18596.646 | C77: =D4+E4 -> 1673.5309 | D77: =C77-E77 -> 1638.6622 | E77: =IF(E76>0,(B77*B4)/12,0) -> 34.868712 | F77: =Calculator!E4 -> 0 | G77: =B77-D77+F77 -> 16957.984 | H77: =H76+E77 -> 9778.6769
A78: 72 | B78: =IF(G77>0, G77, 0) -> 16957.984 | C78: =D4+E4 -> 1673.5309 | D78: =C78-E78 -> 1641.7347 | E78: =IF(E77>0,(B78*B4)/12,0) -> 31.79622 | F78: =Calculator!E4 -> 0 | G78: =B78-D78+F78 -> 15316.249 | H78: =H77+E78 -> 9810.4731
A79: 73 | B79: =IF(G78>0, G78, 0) -> 15316.249 | C79: =D4+E4 -> 1673.5309 | D79: =C79-E79 -> 1644.8129 | E79: =(B79*B4)/12 -> 28.717968 | F79: =Calculator!E4 -> 0 | G79: =B79-D79+F79 -> 13671.436 | H79: =H78+E79 -> 9839.1911
A80: 74 | B80: =IF(G79>0, G79, 0) -> 13671.436 | C80: =D4+E4 -> 1673.5309 | D80: =C80-E80 -> 1647.8969 | E80: =IF(E79>0,(B80*B4)/12,0) -> 25.633943 | F80: =Calculator!E4 -> 0 | G80: =B80-D80+F80 -> 12023.54 | H80: =H79+E80 -> 9864.825
A81: 75 | B81: =IF(G80>0, G80, 0) -> 12023.54 | C81: =D4+E4 -> 1673.5309 | D81: =C81-E81 -> 1650.9867 | E81: =IF(E80>0,(B81*B4)/12,0) -> 22.544137 | F81: =Calculator!E4 -> 0 | G81: =B81-D81+F81 -> 10372.553 | H81: =H80+E81 -> 9887.3692
A82: 76 | B82: =IF(G81>0, G81, 0) -> 10372.553 | C82: =D4+E4 -> 1673.5309 | D82: =C82-E82 -> 1654.0823 | E82: =(B82*B4)/12 -> 19.448536 | F82: =Calculator!E4 -> 0 | G82: =B82-D82+F82 -> 8718.4704 | H82: =H81+E82 -> 9906.8177
A83: 77 | B83: =IF(G82>0, G82, 0) -> 8718.4704 | C83: =D4+E4 -> 1673.5309 | D83: =C83-E83 -> 1657.1838 | E83: =IF(E82>0,(B83*B4)/12,0) -> 16.347132 | F83: =Calculator!E4 -> 0 | G83: =B83-D83+F83 -> 7061.2867 | H83: =H82+E83 -> 9923.1648
A84: 78 | B84: =IF(G83>0, G83, 0) -> 7061.2867 | C84: =D4+E4 -> 1673.5309 | D84: =C84-E84 -> 1660.291 | E84: =IF(E83>0,(B84*B4)/12,0) -> 13.239913 | F84: =Calculator!E4 -> 0 | G84: =B84-D84+F84 -> 5400.9957 | H84: =H83+E84 -> 9936.4047
A85: 79 | B85: =IF(G84>0, G84, 0) -> 5400.9957 | C85: =D4+E4 -> 1673.5309 | D85: =C85-E85 -> 1663.404 | E85: =(B85*B4)/12 -> 10.126867 | F85: =Calculator!E4 -> 0 | G85: =B85-D85+F85 -> 3737.5917 | H85: =H84+E85 -> 9946.5316
A86: 80 | B86: =IF(G85>0, G85, 0) -> 3737.5917 | C86: =D4+E4 -> 1673.5309 | D86: =C86-E86 -> 1666.5229 | E86: =IF(E85>0,(B86*B4)/12,0) -> 7.0079844 | F86: =Calculator!E4 -> 0 | G86: =B86-D86+F86 -> 2071.0688 | H86: =H85+E86 -> 9953.5396
A87: 81 | B87: =IF(G86>0, G86, 0) -> 2071.0688 | C87: =D4+E4 -> 1673.5309 | D87: =C87-E87 -> 1669.6476 | E87: =IF(E86>0,(B87*B4)/12,0) -> 3.883254 | F87: =Calculator!E4 -> 0 | G87: =B87-D87+F87 -> 401.42116 | H87: =H86+E87 -> 9957.4228
A88: 82 | B88: =IF(G87>0, G87, 0) -> 401.42116 | C88: =D4+E4 -> 1673.5309 | D88: =C88-E88 -> 1672.7782 | E88: =IF(E85>0,(B88*B4)/12,0) -> 0.75266468 | F88: =Calculator!E4 -> 0 | G88: =B88-D88+F88 -> -1271.3571 | H88: =H87+E88 -> 9958.1755
A89: 83 | B89: =IF(G88>0, G88, 0) -> 0 | C89: =D4+E4 -> 1673.5309 | D89: =C89-E89 -> 1673.5309 | E89: =IF(E88>0,(B89*B4)/12,0) -> 0 | F89: =Calculator!E4 -> 0 | G89: =B89-D89+F89 -> -1673.5309 | H89: =H88+E89 -> 9958.1755
A90: 84 | B90: =IF(G89>0, G89, 0) -> 0 | C90: =D4+E4 -> 1673.5309 | D90: =C90-E90 -> 1673.5309 | E90: =IF(E89>0,(B90*B4)/12,0) -> 0 | F90: =Calculator!E4 -> 0 | G90: =B90-D90+F90 -> -1673.5309 | H90: =H89+E90 -> 9958.1755
A91: 85 | B91: =IF(G90>0, G90, 0) -> 0 | C91: =D4+E4 -> 1673.5309 | D91: =C91-E91 -> 1673.5309 | E91: =(B91*B4)/12 -> 0 | F91: =Calculator!E4 -> 0 | G91: =B91-D91+F91 -> -1673.5309 | H91: =H90+E91 -> 9958.1755
A92: 86 | B92: =IF(G91>0, G91, 0) -> 0 | C92: =D4+E4 -> 1673.5309 | D92: =C92-E92 -> 1673.5309 | E92: =IF(E91>0,(B92*B4)/12,0) -> 0 | F92: =Calculator!E4 -> 0 | G92: =B92-D92+F92 -> -1673.5309 | H92: =H91+E92 -> 9958.1755
A93: 87 | B93: =IF(G92>0, G92, 0) -> 0 | C93: =D4+E4 -> 1673.5309 | D93: =C93-E93 -> 1673.5309 | E93: =IF(E92>0,(B93*B4)/12,0) -> 0 | F93: =Calculator!E4 -> 0 | G93: =B93-D93+F93 -> -1673.5309 | H93: =H92+E93 -> 9958.1755
A94: 88 | B94: =IF(G93>0, G93, 0) -> 0 | C94: =D4+E4 -> 1673.5309 | D94: =C94-E94 -> 1673.5309 | E94: =(B94*B4)/12 -> 0 | F94: =Calculator!E4 -> 0 | G94: =B94-D94+F94 -> -1673.5309 | H94: =H93+E94 -> 9958.1755
A95: 89 | B95: =IF(G94>0, G94, 0) -> 0 | C95: =D4+E4 -> 1673.5309 | D95: =C95-E95 -> 1673.5309 | E95: =IF(E94>0,(B95*B4)/12,0) -> 0 | F95: =Calculator!E4 -> 0 | G95: =B95-D95+F95 -> -1673.5309 | H95: =H94+E95 -> 9958.1755
A96: 90 | B96: =IF(G95>0, G95, 0) -> 0 | C96: =D4+E4 -> 1673.5309 | D96: =C96-E96 -> 1673.5309 | E96: =IF(E95>0,(B96*B4)/12,0) -> 0 | F96: =Calculator!E4 -> 0 | G96: =B96-D96+F96 -> -1673.5309 | H96: =H95+E96 -> 9958.1755
A97: 91 | B97: =IF(G96>0, G96, 0) -> 0 | C97: =D4+E4 -> 1673.5309 | D97: =C97-E97 -> 1673.5309 | E97: =(B97*B4)/12 -> 0 | F97: =Calculator!E4 -> 0 | G97: =B97-D97+F97 -> -1673.5309 | H97: =H96+E97 -> 9958.1755
A98: 92 | B98: =IF(G97>0, G97, 0) -> 0 | C98: =D4+E4 -> 1673.5309 | D98: =C98-E98 -> 1673.5309 | E98: =IF(E97>0,(B98*B4)/12,0) -> 0 | F98: =Calculator!E4 -> 0 | G98: =B98-D98+F98 -> -1673.5309 | H98: =H97+E98 -> 9958.1755
A99: 93 | B99: =IF(G98>0, G98, 0) -> 0 | C99: =D4+E4 -> 1673.5309 | D99: =C99-E99 -> 1673.5309 | E99: =IF(E98>0,(B99*B4)/12,0) -> 0 | F99: =Calculator!E4 -> 0 | G99: =B99-D99+F99 -> -1673.5309 | H99: =H98+E99 -> 9958.1755
A100: 94 | B100: =IF(G99>0, G99, 0) -> 0 | C100: =D4+E4 -> 1673.5309 | D100: =C100-E100 -> 1673.5309 | E100: =(B100*B4)/12 -> 0 | F100: =Calculator!E4 -> 0 | G100: =B100-D100+F100 -> -1673.5309 | H100: =H99+E100 -> 9958.1755
A101: 95 | B101: =IF(G100>0, G100, 0) -> 0 | C101: =D4+E4 -> 1673.5309 | D101: =C101-E101 -> 1673.5309 | E101: =IF(E100>0,(B101*B4)/12,0) -> 0 | F101: =Calculator!E4 -> 0 | G101: =B101-D101+F101 -> -1673.5309 | H101: =H100+E101 -> 9958.1755
A102: 96 | B102: =IF(G101>0, G101, 0) -> 0 | C102: =D4+E4 -> 1673.5309 | D102: =C102-E102 -> 1673.5309 | E102: =IF(E101>0,(B102*B4)/12,0) -> 0 | F102: =Calculator!E4 -> 0 | G102: =B102-D102+F102 -> -1673.5309 | H102: =H101+E102 -> 9958.1755
A103: 97 | B103: =IF(G102>0, G102, 0) -> 0 | C103: =D4+E4 -> 1673.5309 | D103: =C103-E103 -> 1673.5309 | E103: =(B103*B4)/12 -> 0 | F103: =Calculator!E4 -> 0 | G103: =B103-D103+F103 -> -1673.5309 | H103: =H102+E103 -> 9958.1755
...
